 Dungeon Crawl Stone Soup version 0.18.1-50-g88ac8fd (webtiles) character file.

133 varam the Bolt Thrower (level 4, -2/36 HPs)
             Began as a Centaur Hunter on Oct 10, 2016.
             Slain by a worker ant (7 damage)
             ... on level 3 of the Dungeon.
             The game lasted 00:09:16 (2326 turns).

varam the Bolt Thrower (Centaur Hunter)             Turns: 2326, Time: 00:09:16

Health: -2/36      AC:  4    Str: 15    XL:     4   Next: 93%
Magic:  4/4        EV:  9    Int: 10    God:
Gold:   133        SH:  0    Dex: 10    Spells: 0 memorised, 3 levels left

rFire  + . .     SeeInvis .     w - +0 short sword
rCold  . . .     Gourm    .     r - +0 robe {rF+}
rNeg   . . .     Faith    .     (no shield)
rPois  .         Spirit   .     (no helmet)
rElec  .         Dismiss  .     (no cloak)
rCorr  .         Reflect  .     (no gloves)
SustAt .         Harm     .     (no barding)
MR     .....     Rnd*Tele +     (no amulet)
Stlth  +.........               (no ring)
                                u - ring of teleportation (curse)

@: lethally poisoned (-2 -> -6), very quick, not resistant to hostile
enchantments, very unstealthy
A: hooves 3, deformed body, speed 2, tough skin 3
a: no special abilities


You were on level 3 of the Dungeon.
You were not hungry.

You visited 1 branch of the dungeon, and saw 3 of its levels.

You collected 133 gold pieces.

Inventory:

Hand Weapons
 a - a +1 hand crossbow
 w - a +0 short sword (weapon)
Armour
 c - a +0 leather armour
 r - a +0 robe of fire resistance (worn)
Jewellery
 u - a cursed ring of teleportation (left hand)
Scrolls
 b - a scroll of random uselessness {unknown}
 e - 2 scrolls of recharging {unknown}
 h - a scroll of magic mapping {unknown}
 i - 3 scrolls of identify {unknown}
 j - a scroll of enchant weapon {unknown}
 k - a scroll of blinking {unknown}
 l - a scroll of enchant armour {unknown}
 o - a scroll of fog {unknown}
 t - a scroll of immolation {unknown}
 y - a scroll of remove curse {unknown}
Potions
 m - a potion of curing {unknown}
 n - a potion of haste {unknown}
 p - a potion of cure mutation {unknown}
 q - 2 potions of heal wounds {unknown}
 v - a potion of might {unknown}
 x - a potion of degeneration {unknown}
 A - a potion of ambrosia {unknown}
Books
 g - Sif Muna's Reference Book on Orientation
   (You found it on level 2 of the Dungeon)

   Spells                             Type                      Level
   a - Apportation                    Translocation                1
Comestibles
 f - 4 bread rations
 s - a meat ration
 z - a chunk of flesh


   Skills:
 - Level 2.2 Fighting
 * Level 6.8 Crossbows
 - Level 1.3 Dodging
 - Level 0.5 Stealth


You had 3 spell levels left.
You didn't know any spells.

Dungeon Overview and Level Annotations

Branches:
Dungeon (3/15)

Altars:
Dithmenos
Kikubaaqudgha
Sif Muna
Vehumet
Xom
Zin

Annotations:
D:3 Jessica, Terence


Innate Abilities, Weirdness & Mutations

You have hooves in place of feet.
Armour fits poorly on your strangely shaped body.
You cover ground very quickly.
You have extremely tough skin (AC +3).


Message History

The jackal misses you.
You see here 3 fruits.
You see here a scroll labeled NUMNYE ZODE.
You hit the jackal but do no damage.
The jackal is heavily wounded.
The jackal bites you but does no damage.
You hit the jackal.
You kill the jackal!
You barely miss the worker ant. The worker ant bites you.
You are poisoned.
The worker ant poisons you! The worker ant bites you.
* * * LOW HITPOINT WARNING * * *
You hit the worker ant but do no damage.
You kick the worker ant, but do no damage.
* * * LOW HITPOINT WARNING * * *
You feel sick.
The worker ant bites you but does no damage.
You hit the worker ant but do no damage.
Your kick misses the worker ant. The worker ant bites you!
You die...

#.###
#.#.##
#.%#.#
###?# #.#
## #a# ..
#.#
#.#.###.#
#....@a.#
###.#####
#


You could see a worker ant.

Vanquished Creatures
  3 adders
  A gnoll (D:3)
  3 worms
  4 dart slugs (D:1)
  4 giant geckos
  10 bats
  4 giant cockroaches
  8 goblins
  7 hobgoblins
  10 jackals
  8 kobolds
  2 quokkas (D:3)
  2 giant newts (D:3)
  2 rats
68 creatures vanquished.

Notes
Turn   | Place    | Note
--------------------------------------------------------------
     0 | D:1      | varam the Centaur Hunter began the quest for the Orb.
     0 | D:1      | Reached XP level 1. HP: 17/17 MP: 1/1
   164 | D:1      | Reached XP level 2. HP: 24/24 MP: 2/2
   219 | D:1      | Reached skill level 5 in Crossbows
   461 | D:1      | Reached XP level 3. HP: 27/29 MP: 3/3
  1106 | D:2      | Found a shadowy altar of Dithmenos.
  1130 | D:2      | Found a shimmering altar of Xom.
  1134 | D:2      | Noticed an angel
  1160 | D:2      | Found a faded altar to an unknown god.
  1215 | D:2      | Reached skill level 6 in Crossbows
  1215 | D:2      | Reached XP level 4. HP: 36/36 MP: 4/4
  1319 | D:2      | Found a radiant altar of Vehumet.
  1327 | D:2      | Found an ancient bone altar of Kikubaaqudgha.
  1339 | D:2      | Found a deep blue altar of Sif Muna.
  1340 | D:2      | Found a glowing silver altar of Zin.
  1523 | D:2      | Identified Sif Muna's Reference Book on Orientation
  1800 | D:3      | Noticed Jessica
  2264 | D:3      | Noticed Terence
  2326 | D:3      | Slain by a worker ant

Skill      XL: |  1  2  3 |
---------------+----------+-----
Crossbows      | 5 6 |  6.8
Fighting       | |  2.2
Dodging        | |  1.3
Stealth        | |  0.5

Action                   |  1- 3 |  4- 6 || total
-------------------------+-------+-------++-------
Melee: Short sword       |    21 |    48 ||    69
       Kick              |     3 |    10 ||    13
 Fire: Hand crossbow     |    91 |    43 ||   134
  Eat: Chunk             |       |     3 ||     3
Armor: Leather armour    |    25 |       ||    25
       Robe              |       |    43 ||    43
Dodge: Dodged            |    26 |    28 ||    54
